 Dungeon Crawl Stone Soup version 0.29.1-12-g30fa7ad0bf (webtiles) character file.

Game seed: 3110683709549943061

3446 alhimik the Nimble (level 10, -1/76 HPs)
             Began as a Djinni Transmuter on Jan 15, 2023.
             Was a Believer of Makhleb.
             Slain by an orc warrior
             ... wielding a +0 war axe
              (15 damage)
             ... in a bailey.
             The game lasted 00:59:46 (9164 turns).

alhimik the Nimble (Djinni Transmuter)              Turns: 9164, Time: 00:59:47

Health: -1/76      AC:  5    Str: 11    XL:     10   Next: 26%
Gold:   581        EV: 15    Int: 23    God:    Makhleb [**....] SH:  0 Dex: 14

rFire   + + +      SeeInvis .     - Unarmed
rCold   . . .      Faith    +   (no shield)
rNeg    . . .      Spirit   .   C - +2 robe {rC+ rF+}
rPois   ∞          Reflect  .   (helmet currently unavailable)
rElec   .          Harm     .   q - +0 cloak
rCorr   .          Rampage  .   (no gloves)
Will    +....                   (boots unavailable)
Stlth   +.........              y - amulet of faith
HPRegen 0.22/turn               g - +4 ring of slaying
MPRegen 0.00/turn               t - +6 ring of intelligence

@: appendages, wereblooded, flying, studying Fighting
A: horns 2, flying, sickness immunity, fire resistance 2, cold vulnerability 1,
float, innate caster, HP casting, extra vitality 1
a: End Transformation, Renounce Religion, Minor Destruction


You were in a bailey.
You worshipped Makhleb.
Makhleb was pleased with you.
You had temporarily grown beastly horns.
You visited 2 branches of the dungeon, and saw 8 of its levels.
You also visited: Bailey.

You collected 581 gold pieces.

Inventory:

Hand Weapons
 p - a +4 quarterstaff of chaos
Missiles
 h - 3 boomerangs (quivered)
 l - 53 stones
 m - 8 poisoned darts
Armour
 a - a +0 robe
 c - a +0 robe
 i - a +0 ring mail
 n - a +1 scale mail of cold resistance
 q - a +0 cloak (worn)
 C - a +2 robe of resistance (worn)
Jewellery
 g - a +4 ring of slaying (left hand)
 t - a +6 ring of intelligence (right hand)
 y - an amulet of faith (around neck)
 B - a ring of protection from cold
 E - a ring of willpower
Scrolls
 j - a scroll of fog {unknown}
 k - a scroll of summoning
 r - 3 scrolls of teleportation
 s - 2 scrolls of enchant weapon {unknown}
 v - a scroll of blinking {unknown}
 w - 2 scrolls of fear
 x - a scroll of silence {unknown}
 F - a scroll of magic mapping {unknown}
 G - a scroll of amnesia {unknown}
Potions
 b - 2 potions of lignification
 d - a potion of brilliance {unknown}
 e - a potion of might {unknown}
 f - 3 potions of curing
 o - 3 potions of haste
 u - 3 potions of resistance {unknown}
 z - 3 potions of heal wounds
 A - a potion of flight {unknown}
 D - a potion of ambrosia {unknown}
 H - a potion of degeneration {unknown}


   Skills:
 + Level 7.9 Fighting
 + Level 8.0 Dodging
 + Level 7.6 Unarmed Combat
 + Level 5.5 Spellcasting


You had 2 spell levels left.
You knew the following spells:

 Your Spells              Type           Power      Damage    Failure   Level
a - Beastly Appendage     Tmut           64%        N/A       1%          1
b - Wereblood             Tmut           32%        N/A       1%          2
c - Spider Form           Tmut/Pois      32%        N/A       2%          3
d - Ice Form              Ice/Tmut       32%        N/A       9%          4
e - Slow                  Hex            100%       N/A       1%          1
f - Call Imp              Summ           32%        N/A       1%          2
g - Static Discharge      Conj/Air       32%        3-7/arc   1%          2
h - Confusing Touch       Hex            32%        N/A       2%          3
Your spell library was empty.

Dungeon Overview and Level Annotations

Branches:
Dungeon (7/15)             Temple (1/1) D:5          Bailey (1/1)

Altars:
Cheibriados
Dithmenos
Elyvilon
Fedhas
Gozag
Hepliaklqana
Makhleb
Nemelex Xobeh
Okawaru
Qazlal
Ru
Trog
Uskayaw
Wu Jian
Xom
Yredelemnul
Zin
The Shining One


Innate Abilities, Weirdness & Mutations

You have temporarily grown beastly horns.
You are flying.
You are immune to sickness and miasma.
You are immune to poison.
Your flesh is very heat resistant. (rF++)
You are vulnerable to cold. (rC-)
You float through the air rather than walking.
You learn spells naturally, not from books.
Your magical power is your life essence.
You have superior vitality. (+4 MHP)


Message History

The orc warrior hits you with a +0 war axe!
The orc sorcerer closely misses you.
You barely miss the orc sorcerer.
The orc sorcerer is heavily wounded.
The hellwing hits you! The hellwing hits you.
The orange demon stings you from afar!
As you read the scroll of fear, it crumbles to dust.
You assume a fearsome visage.
The orange demon looks frightened!
The hellwing looks frightened!
The orc sorcerer looks frightened!
The orc warrior resists with some effort.
You howl as the wereblood boils in your veins!
The orc warrior misses you.
You barely miss the orc warrior. The orc warrior misses you.
You punch the orc sorcerer!
Your attack snaps the orc sorcerer out of its fear.
You headbutt the orc sorcerer.
You feel a bit better.
You kill the orc sorcerer!
Makhleb accepts your kill.
The orange demon disappears in a puff of smoke!
The hellwing disappears in a puff of smoke!
The orc warrior hits you with a +0 war axe.
Your Dodging skill increases to level 8!
You hit the orc warrior but do no damage.
You headbutt the orc warrior!
The orc warrior is moderately wounded.
The orc warrior hits you with a +0 war axe!
Casting: Static Discharge (safe; 1% risk of failure)
Confirm with . or Enter, or press ? or * to list all spells.
Aiming: Slow (safe; 1% risk of failure)
Press: ? - help, Shift-Dir - straight line, f - orc warrior
Aim: an orc warrior, wielding a +0 war axe and wearing a +0 scale mail (moderately wounded, chance to affect: 64%)
The orc warrior struggles to resist.
The orc warrior hits you with a +0 war axe!
* * * LOW HITPOINT WARNING * * *
Casting: Slow (safe; 1% risk of failure)
Confirm with . or Enter, or press ? or * to list all spells.
A beastly little devil appears in a puff of frigid air.
* * * LOW HITPOINT WARNING * * *
The orc warrior hits you with a +0 war axe!
You die...

≈≈≈≈≈######~~~~~~~~~~~######≈≈≈≈≈
≈≈≈≈≈#.'........∩........'.#≈≈≈≈≈
≈≈≈≈≈###..######)######..###≈≈≈≈≈
≈≈≈≈≈#....#[[.#...#.))#....#≈≈≈≈≈
≈≈≈≈≈#....#[[.#...#.))#...)#≈≈≈≈≈
≈≈≈≈≈#'#)##+###8.8###+##)#'#≈≈≈≈≈
≈≈≈≈≈÷.#))# #5..# #..#.~≈≈≈≈≈
≈≈≈≈≈~.#..# #8.8# #..#.~≈≈≈≈≈
≈≈≈≈≈~.#..# #)@.# #..#.~≈≈≈≈≈
≈≈≈≈≈~.#..# #.o)# #.)#.~≈≈≈≈≈
≈≈≈≈≈~.#.)# ##)## #.)#.~≈≈≈≈≈
≈≈≈≈≈~.##)# ... #)##.~≈≈≈≈≈
≈≈≈≈≈~.#..# .._.. #.)#.~≈≈≈≈≈
≈≈≈≈≈~.#.8# ....... #8.#.~≈≈≈≈≈
≈≈≈≈≈~.#..# ......... #..#.~≈≈≈≈≈
≈≈≈≈≈~.#.8#############8.#.~≈≈≈≈≈
≈≈≈≈≈~.#.....#######.....#.~≈≈≈≈≈


You could see an orc warrior (ally target) and a friendly white imp (summoned).

Vanquished Creatures
  An orc sorcerer (Bailey)
  A kobold demonologist (Bailey)
  Sigmund (D:4)
  A water moccasin (D:5)
  3 black bears
  9 orc warriors (Bailey)
  An ogre (D:6)
  3 necrophages
  A bullfrog (D:6)
  A scorpion (D:4)
  A howler monkey (D:6)
  7 electric eels (Bailey)
  4 jellies
  A hound (D:6)
  Crazy Yiuf (D:2)
  10 iguanas
  Natasha (D:2)
  Terence (D:2)
  2 gnolls
  2 adders
  A shadow imp (D:6)
  2 ufetubi
  2 worms (D:3)
  3 dart slugs
  18 orcs
  2 ball pythons (D:2)
  7 bats
  5 endoplasms
  4 giant cockroaches
  14 goblins
  6 hobgoblins
  2 jackals (D:5)
  9 kobolds
  A quokka (D:2)
  4 frilled lizards
  4 rats
136 creatures vanquished.

Vanquished Creatures (collateral kills)
  An ice beast (D:5)
  An adder (D:6)
  A gnoll (Bailey)
  3 orcs
  A goblin (Bailey)
  2 hobgoblins (Bailey)
  A jackal (D:5)
10 creatures vanquished.

Grand Total: 146 creatures vanquished

Notes
Turn   | Place    | Note
-------+----------+-------------------------------------------
     0 | D:1      | alhimik the Djinni Transmuter began the quest for the Orb.
     0 | D:1      | alhimik set off with the following spells memorised:
                  | Beastly Appendage, Wereblood, Spider Form, Ice Form.
     0 | D:1      | Reached XP level 1. HP: 17/17 MP: 0/0
   220 | D:1      | Reached XP level 2. HP: 11/22 MP: 0/0
   831 | D:1      | Reached XP level 3. HP: 18/27 MP: 0/0
   831 | D:1      | Learned a level 1 spell: Slow
  1429 | D:2      | Found a faded altar of an unknown god.
  1438 | D:2      | Reached skill level 3 in Dodging
  1438 | D:2      | Reached XP level 4. HP: 32/33 MP: 0/0
  1663 | D:2      | Noticed Terence
  1676 | D:2      | Killed Terence
  1829 | D:2      | Found a runed translucent door.
  1830 | D:2      | Noticed Crazy Yiuf
  1861 | D:2      | Killed Crazy Yiuf
  1862 | D:2      | Reached XP level 5. HP: 36/39 MP: 0/0
  1862 | D:2      | Learned a level 2 spell: Call Imp
  1961 | D:2      | Noticed Natasha
  1970 | D:2      | Killed Natasha
  3036 | D:4      | Reached XP level 6. HP: 33/45 MP: 0/0
  3244 | D:4      | Noticed a black bear
  3254 | D:4      | Killed a black bear
  3255 | D:4      | Reached skill level 4 in Dodging
  3600 | D:4      | Reached XP level 7. HP: 45/50 MP: 0/0
  3600 | D:4      | Learned a level 2 spell: Static Discharge
  3960 | D:4      | Noticed Sigmund
  3971 | D:4      | Killed Sigmund
  4119 | D:5      | Entered Level 5 of the Dungeon
  4120 | D:5      | Noticed a water moccasin
  4131 | D:5      | Killed a water moccasin
  4132 | D:5      | Reached skill level 5 in Unarmed Combat
  4177 | D:5      | Reached XP level 8. HP: 40/58 MP: 0/0
  4226 | D:5      | Reached skill level 5 in Dodging
  4863 | D:5      | Found a white marble altar of Elyvilon.
  5057 | D:5      | Found a staircase to the Ecumenical Temple.
  5063 | Temple   | Entered the Ecumenical Temple
  5237 | Temple   | Became a worshipper of Makhleb the Destroyer
  5447 | D:5      | Found a sparkling altar of Nemelex Xobeh.
  6421 | D:6      | Reached skill level 5 in Fighting
  6481 | D:6      | Reached skill level 6 in Dodging
  6528 | D:6      | Reached * piety under Makhleb
  6529 | D:6      | Reached XP level 9. HP: 64/65 MP: 0/0
  6529 | D:6      | Learned a level 3 spell: Confusing Touch
  7043 | D:7      | Found a glowing silver altar of Zin.
  7070 | D:7      | Found a flagged portal.
  7080 | Bailey   | Entered a bailey
  8105 | Bailey   | Acquired a manual of Fighting
  8143 | Bailey   | Noticed a kobold demonologist
  8167 | Bailey   | Killed a kobold demonologist
  8168 | Bailey   | Reached skill level 7 in Dodging
  8168 | Bailey   | Reached skill level 5 in Spellcasting
  8325 | Bailey   | Reached ** piety under Makhleb
  8395 | Bailey   | Reached XP level 10. HP: 12/75 MP: 0/0
  9145 | Bailey   | Found an iron altar of Okawaru.
  9145 | Bailey   | Noticed an orc sorcerer
  9152 | Bailey   | Noticed an orange demon
  9160 | Bailey   | Killed an orc sorcerer
  9161 | Bailey   | Reached skill level 8 in Dodging
  9164 | Bailey   | Slain by an orc warrior

Illustrated notes

Levels and vault maps discovered:
D:1:      amcnicky_arrival_single_pillar, layout_loops_ring,
          nicolae_figureground_pulse
D:2:      layout_rooms, dreamdust_ecumenical_altar_statues, uniq_terence,
          uniq_natasha, uniq_crazy_yiuf_cottage
D:3:      layout_loops_ring, st_stairs_4
D:4:      layout_basic, uniq_sigmund
D:5:      layout_basic, kennysheep_mini, nemelex_diamond_rough_becter,
          temple_green
D:6:      minmay_skewed_foursquare, layout_cave_pools, minmay_pentangle
D:7:      minmay_the_grid_plus [minmay_the_grid_x, minmay_the_grid_dragon_b,
          minmay_the_grid_small_cups, minmay_the_grid_aliased_spiral,
          minmay_the_grid_prize_inner_circle], layout_basic, ashenzari_altar_1,
          mainiacjoe_overflow_cross_hatched, gammafunk_ghost_grave,
          enter_bailey_2, hangedman_abyss_or_decor_stabs, minivault_19,
          solitary_fountain, uniq_duvessa
Temple:   regret_index_temple_chain_breaker
Bailey:   bailey_axe_of_yendor_kennysheep, bailey

Skill      XL: |  1  2  3  4  5  6  7  8  9 10 |
---------------+-------------------------------+-----
Spellcasting   | 2 3 4 5 |  5.5
Dodging        | 3 4 6 7 8 |  8.0
Fighting       | 2 3 4 5 7 |  7.9
Unarmed Combat | 4 5 6 7 |  7.6

Action                   |  1- 3 |  4- 6 |  7- 9 | 10-12 || total
-------------------------+-------+-------+-------+-------++-------
Melee: Unarmed           |    45 |    86 |   214 |    25 ||   370
       Headbutt          |     6 |     3 |    36 |     3 ||    48
       Punch             |     2 |     1 |    10 |     1 ||    14
Throw: Stone             |    17 |       |       |       ||    17
       Boomerang         |     1 |    10 |    26 |     2 ||    39
 Cast: Beastly Appendage |    13 |    10 |    25 |     5 ||    53
       Slow              |     1 |     2 |    15 |     3 ||    21
       Spider Form       |       |     7 |     7 |       ||    14
       Call Imp          |       |       |    25 |     4 ||    29
       Confusing Touch   |       |       |    14 |     2 ||    16
       Static Discharge  |       |       |     4 |     1 ||     5
       Wereblood         |       |       |     1 |     2 ||     3
  Use: Scroll            |     1 |     1 |     4 |     1 ||     7
       Potion            |     1 |     1 |     1 |       ||     3
 Stab: Sleeping          |       |     1 |     1 |       ||     2
       Distracted        |       |       |     2 |       ||     2
       Confused          |       |       |     5 |       ||     5
Armor: Robe              |     8 |     5 |    15 |     1 ||    29
Dodge: Dodged            |    22 |    52 |   118 |     9 ||   201
